SKY
MILWAUKEE BREWERS @ SAN DIEGO PADRES
07/18/2051
 
TOP OF THE 1ST
Milwaukee Brewers batting - Pitching for San Diego Padres : RHP Rod Keller
Pitching: RHP Rod Keller
Batting: LHB Joshua Ragsdale 0-0: Ball
1-0: Bunted foul
1-1: Called Strike
1-2: Ball
2-2: Foul Ball, location: 2F
2-2: Foul Ball, location: 7LSF
2-2: Strikes out swinging
Batting: LHB Yandy Zamano 0-0: Ball
1-0: Ball
2-0: Foul Ball, location: 7LMF
2-1: Fly out, F8 (Flyball, 89M, EV 85.0 MPH)
Batting: RHB Lucas Asher 0-0: Called Strike
0-1: Fly out, F9 (Flyball, 9D, EV 98.8 MPH)
Top of the 1st over - 0 runs, 0 hits, 0 errors, 0 left on base; Milwaukee 0 - San Diego 0
BOTTOM OF THE 1ST
San Diego Padres batting - Pitching for Milwaukee Brewers : RHP Starling Peña
Pitching: RHP Starling Peña
Batting: RHB Silvio Sevilla 0-0: Called Strike
0-1: SINGLE (Groundball, 6MD, EV 104.4 MPH)
Batting: RHB Des Galindo 0-0: Ball
1-0: Ball
2-0: Ball
3-0: Called Strike
3-1: Foul Ball, location: 2F
3-2: Base on Balls
Silvio Sevilla to second
Batting: LHB Eric Ho 0-0: Ball
1-0: Foul Ball, location: 5F
1-1: Swinging Strike
1-2: Fly out, F9 (Flyball, 89S, EV 90.6 MPH)
Batting: LHB Owen Chandler 0-0: Called Strike
0-1: Ball
1-1: Called Strike
1-2: Ball
2-2: Ball
3-2: SINGLE (Line Drive, 8RS, EV 97.5 MPH)
Silvio Sevilla to third
Des Galindo to second
Batting: RHB Brian Ottman 0-0: Ball
1-0: Called Strike
1-1: Ball
2-1: SINGLE (Line Drive, 34, EV 102.5 MPH)
Silvio Sevilla scores
Des Galindo to third
Owen Chandler to second
Batting: SHB Dexter Greer 0-0: Ball
1-0: Foul Ball, location: 9LMF
1-1: Ball
2-1: Swinging Strike
2-2: Foul Ball, location: 2F
2-2: Grounds into double play, 4-6-3 (Groundball, 4, EV 99.4 MPH)
Bottom of the 1st over - 1 run, 3 hits, 0 errors, 2 left on base; Milwaukee 0 - San Diego 1
TOP OF THE 2ND
Milwaukee Brewers batting - Pitching for San Diego Padres : RHP Rod Keller
Batting: RHB Clemente Simpson 0-0: Ball
1-0: Swinging Strike
1-1: Ball
2-1: SINGLE (Line Drive, 34D, EV 103.8 MPH)
Batting: RHB Nick Hodge 0-0: SINGLE (Groundball, 4MD, EV 95.0 MPH)
Clemente Simpson to second
Batting: RHB Christopher Cazares 0-0: Ball
1-0: Ball
2-0: Ball
3-0: Called Strike
3-1: Foul Ball, location: 9LDF
3-2: SINGLE (Groundball, 6S, EV 63.8 MPH)
Clemente Simpson to third
Nick Hodge to second
Batting: LHB Virgil Scott 0-0: SINGLE (Groundball, 56D, EV 103.8 MPH)
Clemente Simpson scores
Nick Hodge to third
Christopher Cazares to second
Batting: RHB Evan Parker 0-0: Foul Ball, location: 2F
0-1: Called Strike
0-2: Foul Ball, location: 3DF
0-2: Fly out, F9 (Flyball, 9D, EV 96.3 MPH)
Runner from 3rd tags up, SCORES, throw by RF
Christopher Cazares to third
Batting: RHB Dan Martinez 0-0: Called Strike
0-1: Ball
1-1: Foul Ball, location: 9LMF
1-2: Ball
2-2: Strikes out swinging
Batting: LHB Joshua Ragsdale 0-0: Ball
1-0: Ball
2-0: Ball
3-0: Base on Balls
Virgil Scott to second
Batting: LHB Yandy Zamano 0-0: DOUBLE (Flyball, 8LXD, EV 104.4 MPH)
Christopher Cazares scores
Virgil Scott scores
Joshua Ragsdale to third
Runner from 3rd tries for Home, SAFE, no throw by CF
Batting: RHB Lucas Asher 0-0: Ball
1-0: Called Strike
1-1: Ball
2-1: Ball
3-1: Swinging Strike
3-2: Strikes out looking
Top of the 2nd over - 5 runs, 5 hits, 0 errors, 1 left on base; Milwaukee 5 - San Diego 1
BOTTOM OF THE 2ND
San Diego Padres batting - Pitching for Milwaukee Brewers : RHP Starling Peña
Batting: LHB Neil Smyth 0-0: Foul Ball, location: 7LSF
0-1: Called Strike
0-2: Ground out 4-3 (Groundball, 4M, EV 98.8 MPH)
Batting: RHB Celso Deida 0-0: Called Strike
0-1: Foul Ball, location: 2F
0-2: Ground out 6-3 (Groundball, 56, EV 108.8 MPH)
Batting: RHB Ned Carpenter 0-0: Ball
1-0: Ball
2-0: Called Strike
2-1: Called Strike
2-2: Ground out 5-3 (Groundball, 56S, EV 80.0 MPH)
Bottom of the 2nd over - 0 runs, 0 hits, 0 errors, 0 left on base; Milwaukee 5 - San Diego 1
TOP OF THE 3RD
Milwaukee Brewers batting - Pitching for San Diego Padres : RHP Rod Keller
Batting: RHB Clemente Simpson 0-0: Ball
1-0: Called Strike
1-1: Ball
2-1: Ball
3-1: Base on Balls
Batting: RHB Nick Hodge 0-0: Ball
1-0: SINGLE (Groundball, 6MD, EV 98.8 MPH)
Clemente Simpson to second
Runner from 2nd tries for 3rd, SAFE, no throw by CF
Batting: RHB Christopher Cazares 0-0: Ball
1-0: Fly out, F4 (Popup, 4, EV 59.4 MPH)
Batting: LHB Virgil Scott 0-0: Ball
1-0: Foul Ball, location: 25F
1-1: Foul Ball, location: 9LSF
1-2: Foul Ball, location: 2F
1-2: Foul Ball, location: 2F
1-2: Foul Ball, location: 2F
1-2: Strikes out swinging
Batting: RHB Evan Parker 0-0: Fielders Choice at 2nd, 6-4 (Groundball, 56, EV 90.0 MPH)
Top of the 3rd over - 0 runs, 1 hit, 0 errors, 2 left on base; Milwaukee 5 - San Diego 1
BOTTOM OF THE 3RD
San Diego Padres batting - Pitching for Milwaukee Brewers : RHP Starling Peña
Batting: RHB Silvio Sevilla 0-0: Ball
1-0: Called Strike
1-1: Ball
2-1: Ground out 6-3 (Groundball, 6, EV 79.4 MPH)
Batting: RHB Des Galindo 0-0: Foul Ball, location: 3F
0-1: Ball
1-1: Called Strike
1-2: Strikes out swinging
Batting: LHB Eric Ho 0-0: Ball
1-0: Foul Ball, location: 3F
1-1: Foul Ball, location: 2F
1-2: Ball
2-2: Strikes out swinging, 2-3 out at first.
Bottom of the 3rd over - 0 runs, 0 hits, 0 errors, 0 left on base; Milwaukee 5 - San Diego 1
TOP OF THE 4TH
Milwaukee Brewers batting - Pitching for San Diego Padres : RHP Rod Keller
Batting: RHB Dan Martinez 0-0: Ball
1-0: Ball
2-0: Ball
3-0: Called Strike
3-1: Foul Ball, location: 3SF
3-2: Fly out, F8 (Flyball, 8RD, EV 110.0 MPH)
Batting: LHB Joshua Ragsdale 0-0: Foul Ball, location: 23F
0-1: Called Strike
0-2: Ball
1-2: Strikes out looking
Batting: LHB Yandy Zamano 0-0: Ball
1-0: Foul Ball, location: 2F
1-1: Foul Ball, location: 7LSF
1-2: Foul Ball, location: 2F
1-2: Foul Ball, location: 2F
1-2: Ball
2-2: Foul Ball, location: 5DF
2-2: Ball
3-2: Foul Ball, location: 2F
3-2: Foul Ball, location: 2F
3-2: Foul Ball, location: 2F
3-2: Foul Ball, location: 5SF
3-2: Ground out 6-3 (Groundball, 6, EV 104.4 MPH)
Top of the 4th over - 0 runs, 0 hits, 0 errors, 0 left on base; Milwaukee 5 - San Diego 1
BOTTOM OF THE 4TH
San Diego Padres batting - Pitching for Milwaukee Brewers : RHP Starling Peña
Batting: LHB Owen Chandler 0-0: Ball
1-0: Called Strike
1-1: Ball
2-1: Ball
3-1: Foul Ball, location: 2F
3-2: Foul Ball, location: 5DF
3-2: Base on Balls
Batting: RHB Brian Ottman 0-0: Swinging Strike
0-1: Foul Ball, location: 2F
0-2: Ball
1-2: SINGLE (Groundball, 2R, EV 76.3 MPH) (infield hit)
Owen Chandler to second
Batting: SHB Dexter Greer 0-0: Foul Ball, location: 2F
0-1: Fly out, F8 (Flyball, 8RM, EV 82.5 MPH)
Batting: LHB Neil Smyth 0-0: Called Strike
0-1: Grounds into double play, 5-4-3 (Groundball, 5, EV 88.1 MPH)
Bottom of the 4th over - 0 runs, 1 hit, 0 errors, 1 left on base; Milwaukee 5 - San Diego 1
TOP OF THE 5TH
Milwaukee Brewers batting - Pitching for San Diego Padres : RHP Rod Keller
Batting: RHB Lucas Asher 0-0: Swinging Strike
0-1: Ground out 5-3 (Groundball, 56, EV 88.1 MPH)
Batting: RHB Clemente Simpson 0-0: Called Strike
0-1: Called Strike
0-2: Ball
1-2: TRIPLE (Line Drive, 89XD, EV 104.4 MPH)
Batting: RHB Nick Hodge 0-0: Swinging Strike
0-1: Swinging Strike
0-2: Foul Ball, location: 5SF
0-2: Ball
1-2: Ball
2-2: Foul Ball, location: 2F
2-2: Strikes out swinging
Batting: RHB Christopher Cazares 0-0: Fly out, F8 (Flyball, 8LM, EV 82.5 MPH)
Top of the 5th over - 0 runs, 1 hit, 0 errors, 1 left on base; Milwaukee 5 - San Diego 1
BOTTOM OF THE 5TH
San Diego Padres batting - Pitching for Milwaukee Brewers : RHP Starling Peña
Batting: RHB Celso Deida 0-0: Fly out, F6 (Popup, 6MD, EV 45.6 MPH)
Batting: RHB Ned Carpenter 0-0: Ball
1-0: Foul Ball, location: 2F
1-1: Swinging Strike
1-2: Foul Ball, location: 3DF
1-2: Ball
2-2: Strikes out swinging
Batting: RHB Silvio Sevilla 0-0: Called Strike
0-1: Ball
1-1: Ball
2-1: Foul Ball, location: 2F
2-2: Ground out 4-3 (Groundball, 4, EV 106.3 MPH)
Bottom of the 5th over - 0 runs, 0 hits, 0 errors, 0 left on base; Milwaukee 5 - San Diego 1
TOP OF THE 6TH
Milwaukee Brewers batting - Pitching for San Diego Padres : RHP Rod Keller
Batting: LHB Virgil Scott 0-0: Foul Ball, location: 5F
0-1: Fly out, F9 (Flyball, 89M, EV 100.0 MPH)
Batting: RHB Evan Parker 0-0: Ball
1-0: Ball
2-0: Foul Ball, location: 23F
2-1: Ball
3-1: SINGLE (Groundball, 6D, EV 94.4 MPH)
Pitching: RHP Joaquin Duran
Batting: RHB Dan Martinez 0-0: Ball
1-0: Foul Ball, location: 25FF
1-1: Ball
2-1: Swinging Strike
2-2: Ball
3-2: Strikes out swinging
Batting: LHB Joshua Ragsdale 0-0: Called Strike
0-1: Fly out, F8 (Flyball, 8LM, EV 95.6 MPH)
Top of the 6th over - 0 runs, 1 hit, 0 errors, 1 left on base; Milwaukee 5 - San Diego 1
BOTTOM OF THE 6TH
San Diego Padres batting - Pitching for Milwaukee Brewers : RHP Starling Peña
Batting: RHB Des Galindo 0-0: Ball
1-0: Ball
2-0: Foul Ball, location: 2F
2-1: Ball
3-1: Base on Balls
Batting: LHB Eric Ho 0-0: Called Strike
0-1: Ball
1-1: Ball
2-1: Foul Ball, location: 25F
2-2: Grounds into double play, 4-6-3 (Groundball, 34, EV 76.9 MPH)
Batting: LHB Owen Chandler 0-0: Ball
1-0: Swinging Strike
1-1: Ball
2-1: Ball
3-1: Base on Balls
Batting: RHB Brian Ottman 0-0: Ball
1-0: Ball
2-0: Foul Ball, location: 2F
2-1: Ground out 4-3 (Groundball, 34S, EV 88.8 MPH)
Bottom of the 6th over - 0 runs, 0 hits, 0 errors, 1 left on base; Milwaukee 5 - San Diego 1
TOP OF THE 7TH
Milwaukee Brewers batting - Pitching for San Diego Padres : RHP Joaquin Duran
Batting: LHB Yandy Zamano 0-0: Called Strike
0-1: Ball
1-1: Swinging Strike
1-2: Strikes out swinging
Batting: RHB Lucas Asher 0-0: Ball
1-0: Ball
2-0: Foul Ball, location: 5F
2-1: Swinging Strike
2-2: Ball
3-2: Base on Balls
Batting: RHB Clemente Simpson 0-0: Ball
1-0: Ball
2-0: Fly out, F8 (Flyball, 8RM, EV 95.0 MPH)
Batting: RHB Nick Hodge 0-0: Ball
1-0: Called Strike
1-1: Called Strike
1-2: Ball
2-2: Foul Ball, location: 2F
2-2: Ball
3-2: Base on Balls
Lucas Asher to second
Batting: RHB Christopher Cazares 0-0: Ball
1-0: Called Strike
1-1: Foul Ball, location: 7LMFF
1-2: Foul Ball, location: 3F
1-2: Foul Ball, location: 5F
1-2: Foul Ball, location: 2F
1-2: Strikes out swinging
Top of the 7th over - 0 runs, 0 hits, 0 errors, 2 left on base; Milwaukee 5 - San Diego 1
BOTTOM OF THE 7TH
San Diego Padres batting - Pitching for Milwaukee Brewers : RHP Starling Peña
Pitching: RHP Corey Milton
Batting: SHB Dexter Greer 0-0: Called Strike
0-1: Ball
1-1: Called Strike
1-2: Foul Ball, location: 2F
1-2: Ball
2-2: Ground out 4-3 (Groundball, 4, EV 80.0 MPH)
Batting: LHB Neil Smyth 0-0: Called Strike
0-1: Foul Ball, location: 2F
0-2: Foul Ball, location: 3SF
0-2: Ball
1-2: Foul Ball, location: 5FF
1-2: Foul Ball, location: 7LSF
1-2: Ball
2-2: Strikes out swinging
Batting: RHB Celso Deida 0-0: Ball
1-0: Ground out 5-3 (Groundball, 56, EV 90.0 MPH)
Bottom of the 7th over - 0 runs, 0 hits, 0 errors, 0 left on base; Milwaukee 5 - San Diego 1
TOP OF THE 8TH
Milwaukee Brewers batting - Pitching for San Diego Padres : RHP Joaquin Duran
Batting: LHB Virgil Scott 0-0: Called Strike
0-1: SINGLE (Groundball, 4MD, EV 102.5 MPH)
Batting: RHB Evan Parker 0-0: Foul Ball, location: 5F
0-1: Fly out, F8 (Flyball, 78M, EV 110.0 MPH)
Batting: RHB Dan Martinez 0-0: Ball
1-0: Ball
2-0: SINGLE (Line Drive, 8LS, EV 93.8 MPH)
Virgil Scott to second
Runner from 2nd tries for 3rd, SAFE, no throw by CF
Batting: LHB Joshua Ragsdale 0-0: Called Strike
0-1: Ball
1-1: Foul Ball, location: 2F
1-2: Grounds out, U3 (Groundball, 3L, EV 88.8 MPH)
Virgil Scott scores
Batting: LHB Yandy Zamano 0-0: Ball
1-0: Ball
2-0: Ball
3-0: Foul Ball, location: 3F
3-1: Base on Balls
Batting: RHB Lucas Asher 0-0: Ball
1-0: Called Strike
1-1: Ball
2-1: Fielders Choice at 2nd, 6-4 (Groundball, 6, EV 102.5 MPH)
Top of the 8th over - 1 run, 2 hits, 0 errors, 2 left on base; Milwaukee 6 - San Diego 1
BOTTOM OF THE 8TH
San Diego Padres batting - Pitching for Milwaukee Brewers : RHP Corey Milton
Batting: RHB Ned Carpenter 0-0: Foul Ball, location: 2F
0-1: Ball
1-1: Called Strike
1-2: Foul Ball, location: 2F
1-2: Foul Ball, location: 7LSF
1-2: Ball
2-2: Strikes out swinging
Batting: RHB Silvio Sevilla 0-0: Called Strike
0-1: SINGLE (Groundball, 4MD, EV 96.3 MPH)
Batting: RHB Des Galindo 0-0: Swinging Strike
0-1: Ball
1-1: Fly out, F8 (Line Drive, 8RD, EV 93.1 MPH)
Pitching: RHP Hastings Anderson
Batting: LHB Eric Ho 0-0: Ball
1-0: Called Strike
1-1: Ball
2-1: SINGLE (Line Drive, 9LS, EV 100.0 MPH)
Silvio Sevilla to second
Runner from 2nd tries for 3rd, SAFE, throw by RF made to third
Batting: LHB Owen Chandler 0-0: Foul Ball, location: 23F
0-1: Swinging Strike
0-2: Foul Ball, location: 23FF
0-2: Foul Ball, location: 5FF
0-2: Ball
1-2: Strikes out swinging
Bottom of the 8th over - 0 runs, 2 hits, 0 errors, 2 left on base; Milwaukee 6 - San Diego 1
TOP OF THE 9TH
Milwaukee Brewers batting - Pitching for San Diego Padres : RHP Joaquin Duran
Batting: RHB Clemente Simpson 0-0: Ball
1-0: Swinging Strike
1-1: Ball
2-1: Ball
3-1: Fly out, F8 (Line Drive, 8RS, EV 85.6 MPH)
Batting: RHB Nick Hodge 0-0: Ground out 6-3 (Groundball, 6, EV 91.3 MPH)
Batting: RHB Christopher Cazares 0-0: Foul Ball, location: 5F
0-1: Ball
1-1: Ball
2-1: Foul Ball, location: 3F
2-2: Ball
3-2: Fly out, F2 (Popup, 2RF, EV 87.5 MPH)
Top of the 9th over - 0 runs, 0 hits, 0 errors, 0 left on base; Milwaukee 6 - San Diego 1
BOTTOM OF THE 9TH
San Diego Padres batting - Pitching for Milwaukee Brewers : RHP Hastings Anderson
Batting: RHB Brian Ottman 0-0: Called Strike
0-1: Ball
1-1: Ball
2-1: Foul Ball, location: 3DF
2-2: Ground out 6-3 (Groundball, 6, EV 83.8 MPH)
Batting: SHB Dexter Greer 0-0: Ball
1-0: Called Strike
1-1: Swinging Strike
1-2: Strikes out looking
Batting: LHB Neil Smyth 0-0: Ball
1-0: Foul Ball, location: 7LSF
1-1: Foul Ball, location: 2F
1-2: Ball
2-2: Strikes out swinging
Bottom of the 9th over - 0 runs, 0 hits, 0 errors, 0 left on base; Milwaukee 6 - San Diego 1
Friday, March 22nd , 2024 - OOTP Baseball 24.11 Build 85